TOP OF THE 1ST |
Toledo Mud Hens batting - Pitching for Buffalo Bisons : RHP Jeff Reardon
|
Pitching: RHP Jeff Reardon
|
|
Batting: RHB Joey McEndree
|
0-0: Ball 1-0: Called Strike 1-1: Ball 2-1: Foul Ball, location: 2F 2-2: Fly out, F8 (Flyball, 8LS, EV 91.3 MPH)
|
Batting: LHB George LaCoe
|
0-0: Ball 1-0: Swinging Strike 1-1: Fly out, F8 (Flyball, 8RS, EV 91.9 MPH)
|
Batting: RHB Don Lyle
|
0-0: Ball 1-0: Fly out, F9 (Flyball, 89S, EV 87.5 MPH)
|
Top of the 1st over - 0 runs, 0 hits, 0 errors, 0 left on base; Toledo 0 - Buffalo 0 |
BOTTOM OF THE 1ST |
Buffalo Bisons batting - Pitching for Toledo Mud Hens : RHP Douglas Mathey
|
Pitching: RHP Douglas Mathey
|
|
Batting: RHB Juan Villa
|
0-0: Called Strike 0-1: Foul Ball, location: 2F 0-2: Foul Ball, location: 2F 0-2: Foul Ball, location: 2F 0-2: Ball 1-2: Ball 2-2: TRIPLE (Flyball, 78XD, EV 90.0 MPH)
|
Batting: LHB Doe Boyland
|
0-0: Swinging Strike 0-1: Foul Ball, location: 2F 0-2: Ball 1-2: Strikes out swinging
|
Batting: RHB Bill Bathe
|
0-0: Foul Ball, location: 2F 0-1: Ground out 5-3 (Groundball, 5, EV 105.0 MPH)
|
Batting: LHB Gary Rajsich
|
0-0: Fly out, F5 (Line Drive, 5, EV 72.5 MPH)
|
Bottom of the 1st over - 0 runs, 1 hit, 0 errors, 1 left on base; Toledo 0 - Buffalo 0 |
TOP OF THE 2ND |
Toledo Mud Hens batting - Pitching for Buffalo Bisons : RHP Jeff Reardon
|
Batting: RHB Milt Jefferson
|
0-0: Called Strike 0-1: Ball 1-1: Ground out 1-3 (Groundball, 34S, EV 69.4 MPH)
|
Batting: RHB Dennis Odom
|
0-0: Swinging Strike 0-1: Called Strike 0-2: Fly out, F9 (Flyball, 9LM, EV 101.9 MPH)
|
Batting: RHB Larry Patterson
|
0-0: Swinging Strike 0-1: Ball 1-1: Ball 2-1: Foul Ball, location: 2F 2-2: Ball 3-2: Fly out, F8 (Line Drive, 8RM, EV 97.5 MPH)
|
Top of the 2nd over - 0 runs, 0 hits, 0 errors, 0 left on base; Toledo 0 - Buffalo 0 |
BOTTOM OF THE 2ND |
Buffalo Bisons batting - Pitching for Toledo Mud Hens : RHP Douglas Mathey
|
Batting: RHB John Seefried
|
0-0: Called Strike 0-1: Ball 1-1: Ball 2-1: Foul Ball, location: 2F 2-2: Ball 3-2: Foul Ball, location: 2F 3-2: Base on Balls
|
Batting: LHB Phillip Baskerville
|
0-0: Ball 1-0: Ball 2-0: Called Strike 2-1: Foul Ball, location: 2F 2-2: Grounds into double play, 4-6-3 (Groundball, 4, EV 78.8 MPH)
|
Batting: LHB Bob Skube
|
0-0: Fly out, F4 (Line Drive, 4, EV 75.0 MPH)
|
Bottom of the 2nd over - 0 runs, 0 hits, 0 errors, 0 left on base; Toledo 0 - Buffalo 0 |
TOP OF THE 3RD |
Toledo Mud Hens batting - Pitching for Buffalo Bisons : RHP Jeff Reardon
|
Batting: LHB Rich Coggins
|
0-0: Called Strike 0-1: Swinging Strike 0-2: Ball 1-2: Foul Ball, location: 2F 1-2: SOLO HOME RUN (Flyball, 7D, EV 98.1 MPH), Distance : 358 ft
|
Batting: RHB Gorman Thomas
|
0-0: Foul Ball, location: 2F 0-1: Called Strike 0-2: Strikes out swinging
|
Batting: RHB Bucky Dent
|
0-0: Ball 1-0: Called Strike 1-1: SOLO HOME RUN (Flyball, 7D, EV 100.0 MPH), Distance : 388 ft
|
Batting: RHB Joey McEndree
|
0-0: Foul Ball, location: 2F 0-1: Foul Ball, location: 2F 0-2: Foul Ball, location: 2F 0-2: Ball 1-2: Ball 2-2: Foul Ball, location: 2F 2-2: Foul Ball, location: 2F 2-2: Foul Ball, location: 2F 2-2: Foul Ball, location: 2F 2-2: Fly out, F7 (Flyball, 7LD, EV 88.1 MPH)
|
Batting: LHB George LaCoe
|
0-0: Ball 1-0: Foul Ball, location: 2F 1-1: DOUBLE (Line Drive, 9LS, EV 110.0 MPH)
|
Batting: RHB Don Lyle
|
0-0: Ball 1-0: Ground out 6-3 (Groundball, 6M, EV 115.6 MPH)
|
Top of the 3rd over - 2 runs, 3 hits, 0 errors, 1 left on base; Toledo 2 - Buffalo 0 |
BOTTOM OF THE 3RD |
Buffalo Bisons batting - Pitching for Toledo Mud Hens : RHP Douglas Mathey
|
Batting: RHB Nicholas Kintz
|
0-0: Called Strike 0-1: Ball 1-1: Ball 2-1: Swinging Strike 2-2: Ball 3-2: Fly out, F6 (Popup, P, EV 84.4 MPH)
|
Batting: RHB Carlos Matamoros
|
0-0: Called Strike 0-1: Ball 1-1: Fly out, F4 (Line Drive, 4, EV 68.8 MPH)
|
Batting: RHB Juan Villa
|
0-0: Ground out 1-3 (Groundball, 13S, EV 65.0 MPH)
|
Bottom of the 3rd over - 0 runs, 0 hits, 0 errors, 0 left on base; Toledo 2 - Buffalo 0 |
TOP OF THE 4TH |
Toledo Mud Hens batting - Pitching for Buffalo Bisons : RHP Jeff Reardon
|
Batting: RHB Milt Jefferson
|
0-0: Called Strike 0-1: Ground out U3 (Groundball, 3L, EV 85.6 MPH)
|
Batting: RHB Dennis Odom
|
0-0: Ball 1-0: Foul Ball, location: 2F 1-1: Ball 2-1: Ground out 5-3 (Groundball, 5, EV 78.1 MPH)
|
Batting: RHB Larry Patterson
|
0-0: Ball 1-0: SINGLE (Flyball, 5D, EV 88.8 MPH)
|
Batting: LHB Rich Coggins
|
0-0: Ball 1-0: Ball 2-0: Ball 3-0: Called Strike 3-1: Fly out, F8 (Flyball, 8LM, EV 82.5 MPH)
|
Top of the 4th over - 0 runs, 1 hit, 0 errors, 1 left on base; Toledo 2 - Buffalo 0 |
BOTTOM OF THE 4TH |
Buffalo Bisons batting - Pitching for Toledo Mud Hens : RHP Douglas Mathey
|
Batting: LHB Doe Boyland
|
0-0: Ball 1-0: Ball 2-0: Ground out 4-3 (Groundball, 34D, EV 105.0 MPH)
|
Batting: RHB Bill Bathe
|
0-0: Ball 1-0: Ball 2-0: Called Strike 2-1: Called Strike 2-2: Fly out, F9 (Line Drive, 9, EV 105.6 MPH)
|
Batting: LHB Gary Rajsich
|
0-0: Ball 1-0: Fly out, F7 (Flyball, 78D, EV 93.8 MPH)
|
Bottom of the 4th over - 0 runs, 0 hits, 0 errors, 0 left on base; Toledo 2 - Buffalo 0 |
TOP OF THE 5TH |
Toledo Mud Hens batting - Pitching for Buffalo Bisons : RHP Jeff Reardon
|
Batting: RHB Gorman Thomas
|
0-0: Swinging Strike 0-1: SOLO HOME RUN (Flyball, 78XD, EV 93.1 MPH), Distance : 410 ft
|
Batting: RHB Bucky Dent
|
0-0: Called Strike 0-1: Swinging Strike 0-2: Foul Ball, location: 2F 0-2: Strikes out swinging
|
Batting: RHB Joey McEndree
|
0-0: Ball 1-0: Ball 2-0: Ball 3-0: Called Strike 3-1: Ground out 3-1 (Groundball, 34S, EV 94.4 MPH)
|
Batting: LHB George LaCoe
|
0-0: Foul Ball, location: 2F 0-1: Ball 1-1: DOUBLE (Line Drive, 9LM, EV 99.4 MPH)
|
Batting: RHB Don Lyle
|
0-0: Ball 1-0: SINGLE (Groundball, 4MD, EV 98.8 MPH) George LaCoe to third Runner from 3rd tries for Home, SAFE, throw by CF to home
|
Batting: RHB Milt Jefferson
|
0-0: Ball 1-0: Called Strike 1-1: Ball 2-1: Ball 3-1: Base on Balls Don Lyle to second
|
Batting: RHB Dennis Odom
|
0-0: Ball 1-0: Ball 2-0: Ball 3-0: Base on Balls Don Lyle to third Milt Jefferson to second
|
Batting: RHB Larry Patterson
|
0-0: GRAND SLAM HOME RUN (Flyball, 7D, EV 90.6 MPH), Distance : 369 ft
|
Pitching: RHP Wade Adamson
|
|
Batting: LHB Rich Coggins
|
0-0: Called Strike 0-1: Swinging Strike 0-2: Ball 1-2: Ball 2-2: Strikes out swinging
|
Top of the 5th over - 6 runs, 4 hits, 0 errors, 0 left on base; Toledo 8 - Buffalo 0 |
BOTTOM OF THE 5TH |
Buffalo Bisons batting - Pitching for Toledo Mud Hens : RHP Douglas Mathey
|
Batting: RHB John Seefried
|
0-0: Ball 1-0: Called Strike 1-1: Foul Ball, location: 2F 1-2: Ground out 5-3 (Groundball, 56, EV 101.9 MPH)
|
Batting: LHB Phillip Baskerville
|
0-0: Ball 1-0: Foul Ball, location: 2F 1-1: Foul Ball, location: 2F 1-2: Ball 2-2: SINGLE (Groundball, 34D, EV 96.9 MPH)
|
Batting: LHB Bob Skube
|
0-0: Ball 1-0: Swinging Strike 1-1: Called Strike 1-2: Strikes out looking
|
Batting: RHB Nicholas Kintz
|
0-0: Ball 1-0: Swinging Strike 1-1: Swinging Strike 1-2: Ball 2-2: Strikes out looking
|
Bottom of the 5th over - 0 runs, 1 hit, 0 errors, 1 left on base; Toledo 8 - Buffalo 0 |
TOP OF THE 6TH |
Toledo Mud Hens batting - Pitching for Buffalo Bisons : RHP Wade Adamson
|
Batting: RHB Gorman Thomas
|
0-0: Foul Ball, location: 2F 0-1: Ball 1-1: Ball 2-1: Ground out 4-3 (Groundball, 4, EV 83.1 MPH)
|
Batting: RHB Bucky Dent
|
0-0: Ball 1-0: Fly out, F9 (Flyball, 9, EV 91.3 MPH)
|
Batting: RHB Joey McEndree
|
0-0: Called Strike 0-1: Fly out, F9 (Flyball, 9LM, EV 90.6 MPH)
|
Top of the 6th over - 0 runs, 0 hits, 0 errors, 0 left on base; Toledo 8 - Buffalo 0 |
BOTTOM OF THE 6TH |
Buffalo Bisons batting - Pitching for Toledo Mud Hens : RHP Douglas Mathey
|
Batting: RHB Carlos Matamoros
|
0-0: Swinging Strike 0-1: Ball 1-1: Foul Ball, location: 2F 1-2: Strikes out swinging
|
Batting: RHB Juan Villa
|
0-0: Ball 1-0: Called Strike 1-1: Fly out, F8 (Flyball, 89M, EV 90.6 MPH)
|
Batting: LHB Doe Boyland
|
0-0: Ball 1-0: Ball 2-0: Called Strike 2-1: SOLO HOME RUN (Line Drive, 78XD, EV 105.6 MPH), Distance : 410 ft
|
Batting: RHB Bill Bathe
|
0-0: Ball 1-0: Foul Ball, location: 2F 1-1: Ball 2-1: Called Strike 2-2: Foul Ball, location: 2F 2-2: Ball 3-2: Ground out 5-3 (Groundball, 56, EV 101.9 MPH)
|
Bottom of the 6th over - 1 run, 1 hit, 0 errors, 0 left on base; Toledo 8 - Buffalo 1 |
TOP OF THE 7TH |
Toledo Mud Hens batting - Pitching for Buffalo Bisons : RHP Wade Adamson
|
Batting: LHB George LaCoe
|
0-0: Foul Ball, location: 2F 0-1: Ball 1-1: Ball 2-1: Ball 3-1: Swinging Strike 3-2: Foul Ball, location: 2F 3-2: Base on Balls
|
Batting: RHB Don Lyle
|
0-0: Called Strike 0-1: Called Strike 0-2: Strikes out looking
|
Batting: RHB Milt Jefferson
|
0-0: Foul Ball, location: 2F 0-1: Fly out, F9 (Flyball, 89S, EV 81.3 MPH)
|
Batting: RHB Dennis Odom
|
0-0: Ball 1-0: DOUBLE (Line Drive, 9LD, EV 96.9 MPH) George LaCoe to third Runner from 3rd tries for Home, SAFE, throw by RF to home
|
Batting: RHB Larry Patterson
|
0-0: Ball 1-0: Foul Ball, location: 2F 1-1: Ball 2-1: Ball 3-1: Swinging Strike 3-2: Fly out, F9 (Flyball, 9LM, EV 89.4 MPH)
|
Top of the 7th over - 1 run, 1 hit, 0 errors, 1 left on base; Toledo 9 - Buffalo 1 |
BOTTOM OF THE 7TH |
Buffalo Bisons batting - Pitching for Toledo Mud Hens : RHP Douglas Mathey
|
Pinch Hitting: RHB Stephen Chandler
|
0-0: Swinging Strike 0-1: Foul Ball, location: 2F 0-2: Ball 1-2: Strikes out looking
|
Batting: RHB John Seefried
|
0-0: Ball 1-0: Ground out 6-3 (Groundball, 6, EV 80.6 MPH)
|
Batting: LHB Phillip Baskerville
|
0-0: Ball 1-0: Ground out U3 (Groundball, 3L, EV 87.5 MPH)
|
Bottom of the 7th over - 0 runs, 0 hits, 0 errors, 0 left on base; Toledo 9 - Buffalo 1 |
TOP OF THE 8TH |
Toledo Mud Hens batting - Pitching for Buffalo Bisons : RHP Wade Adamson
|
Now in CF: John Denman
|
|
Batting: LHB Rich Coggins
|
0-0: Foul Ball, location: 2F 0-1: Ball 1-1: Called Strike 1-2: Ball 2-2: Foul Ball, location: 2F 2-2: Foul Ball, location: 2F 2-2: SINGLE (Line Drive, 56D, EV 107.5 MPH)
|
Batting: RHB Gorman Thomas
|
0-0: Ball 1-0: Ball 2-0: Ball 3-0: Base on Balls Rich Coggins to second
|
Batting: RHB Bucky Dent
|
0-0: Fielders Choice at 2nd, 1-6 (Groundball, 23, EV 63.8 MPH) Rich Coggins to third
|
Batting: RHB Joey McEndree
|
0-0: Ball 1-0: Foul Ball, location: 2F 1-1: SINGLE (Flyball, 34D, EV 93.8 MPH) Rich Coggins scores Bucky Dent to second
|
Batting: LHB George LaCoe
|
0-0: Called Strike 0-1: Ball 1-1: Swinging Strike 1-2: Fly out, F5 (Popup, 6S, EV 65.6 MPH)
|
Batting: RHB Don Lyle
|
0-0: Called Strike 0-1: Ball 1-1: Swinging Strike 1-2: Foul Ball, location: 2F 1-2: Strikes out looking
|
Top of the 8th over - 1 run, 2 hits, 0 errors, 2 left on base; Toledo 10 - Buffalo 1 |
BOTTOM OF THE 8TH |
Buffalo Bisons batting - Pitching for Toledo Mud Hens : RHP Douglas Mathey
|
Batting: LHB Bob Skube
|
0-0: Ball 1-0: Swinging Strike 1-1: Foul Ball, location: 2F 1-2: Strikes out swinging
|
Batting: RHB Nicholas Kintz
|
0-0: Foul Ball, location: 2F 0-1: Foul Ball, location: 2F 0-2: Fly out, F4 (Popup, 34S, EV 82.5 MPH)
|
Batting: RHB Carlos Matamoros
|
0-0: Ball 1-0: Called Strike 1-1: Ball 2-1: Foul Ball, location: 2F 2-2: Ground out 5-3 (Groundball, 56S, EV 68.8 MPH)
|
Bottom of the 8th over - 0 runs, 0 hits, 0 errors, 0 left on base; Toledo 10 - Buffalo 1 |
TOP OF THE 9TH |
Toledo Mud Hens batting - Pitching for Buffalo Bisons : RHP Wade Adamson
|
Batting: RHB Milt Jefferson
|
0-0: Foul Ball, location: 2F 0-1: Foul Ball, location: 2F 0-2: Foul Ball, location: 2F 0-2: Ball 1-2: Fly out, F4 (Popup, 13, EV 89.4 MPH)
|
Batting: RHB Dennis Odom
|
0-0: Called Strike 0-1: Ball 1-1: Ball 2-1: Foul Ball, location: 2F 2-2: Foul Ball, location: 2F 2-2: Strikes out looking
|
Batting: RHB Larry Patterson
|
0-0: Fly out, F9 (Flyball, 9S, EV 85.0 MPH)
|
Top of the 9th over - 0 runs, 0 hits, 0 errors, 0 left on base; Toledo 10 - Buffalo 1 |
BOTTOM OF THE 9TH |
Buffalo Bisons batting - Pitching for Toledo Mud Hens : RHP Douglas Mathey
|
Pinch Hitting: RHB Leopoldo Ortiz
|
0-0: Ground out 6-3 (Groundball, 56, EV 106.3 MPH)
|
Batting: LHB Doe Boyland
|
0-0: Foul Ball, location: 2F 0-1: Ball 1-1: Ball 2-1: SOLO HOME RUN (Flyball, 9LD, EV 106.9 MPH), Distance : 345 ft
|
Pinch Hitting: RHB Pat Callahan
|
0-0: Ball 1-0: Ball 2-0: Called Strike 2-1: Ball 3-1: Base on Balls
|
Batting: RHB John Denman
|
0-0: Ball 1-0: Foul Ball, location: 2F 1-1: Ball 2-1: Ball 3-1: Base on Balls Pat Callahan to second
|
Batting: RHB John Seefried
|
0-0: Ball 1-0: Foul Ball, location: 2F 1-1: Swinging Strike 1-2: Strikes out swinging
|
Batting: LHB Phillip Baskerville
|
0-0: Swinging Strike 0-1: Foul Ball, location: 2F 0-2: Strikes out looking
|
Bottom of the 9th over - 1 run, 1 hit, 0 errors, 2 left on base; Toledo 10 - Buffalo 2 |
|